Map: World of Sleepers LE

Players

TiMmAiR

  • Race: Terran Terran
  • League: Platinum
  • Spawn Location: 1:00

pHARM - Winner!

  • Race: Zerg Zerg
  • League: Platinum
  • Spawn Location: 7:00

VOD

Have the link to the VOD?

Description

Time

  • Played on: Sept. 7, 2019, 3:50 p.m.
  • Length: 10:21
Show
View Real Time Build Order
Export as new Build Order

TiMmAiR Terran 

Build Orders:  

Get SALT Encoding   

  12  0:01  SCV  
  13  0:16  Supply Depot  
  13  0:18  SCV  
  14  0:30  SCV  
  15  0:39  Barracks  
  15  0:43  SCV  
  15  0:46  Refinery  
  16  0:55  SCV  
  16  0:56  Supply Depot  
  17  1:07  SCV  
  18  1:19  SCV, Refinery  
  19  1:30  Marine  
  21  1:33  Orbital Command  
  20  1:47  Marine  
  20  1:50  Factory  
  21  2:00  SCV  
  23  2:10  Marine  
  23  2:12  SCV  
  23  2:15  Supply Depot  
  24  2:24  SCV  
  24  2:28  Marine  
  26  2:34  Starport  
  26  2:38  Factory Reactor  
  26  2:45  Starport  
  26  2:46  SCV  
  27  2:53  Marine  
  28  2:58  SCV  
  29  3:10  SCV  
  30  3:23  SCV, Starport Tech Lab  
  30  3:26  Viking x2  
  35  3:35  SCV  
  35  3:39  Marine  
  37  3:41  Factory Tech Lab  
  37  3:45  Command Center  
  38  3:48  SCV  
  38  3:52  Supply Depot  
  38  4:13  Raven  
  38  4:15  Supply Depot  
  38  4:24  Viking x2  
  44  4:34  SCV  
  44  4:36  Supply Depot  
  45  4:38  Supply Depot  
  45  4:47  SCV  
  45  4:52  Armory  
  46  5:02  Orbital Command  
  46  5:06  Marine  
  47  5:19  Raven  
  49  5:24  Orbital Command  
  49  5:33  Refinery  
  49  5:43  Refinery  
  49  5:58  Command Center  
  49  5:59  SCV x2  
  49  6:02  Raven  
  53  6:06  Terran Ship Weapons Level 1  
  53  6:11  SCV x2  
  53  6:17  Refinery x2  
  55  6:22  Marine  
  55  6:23  SCV x2  
  58  6:35  SCV  
  58  6:36  SCV  
  58  6:39  Marine  
  60  6:40  Siege Tank  
  64  6:47  SCV  
  64  6:48  SCV  
  64  6:52  Raven, Viking  
  70  6:57  Marine  
  70  7:00  SCV  
  72  7:15  Orbital Command, Engineering Bay  
  72  7:18  Command Center  
  72  7:19  SCV x2  
  74  7:22  Viking  
  76  7:31  SCV x2  
  76  7:32  Bunker  
  76  7:35  Raven  
  80  7:43  SCV x2  
  82  7:46  Hi-Sec Auto Tracking  
  82  7:47  Viking  
  84  7:53  Fusion Core  
  84  7:55  SCV  
  84  7:58  Siege Tank, Starport  
  88  8:00  Starport  
  88  8:02  SCV x2  
  90  8:20  Missile Turret  
  90  8:22  Marine, Bunker  
  91  8:37  Planetary Fortress  
  91  8:40  Marine  
  92  8:45  SCV  
  92  8:46  SCV x2  
  92  8:47  Missile Turret  
  95  8:50  Missile Turret, Starport Tech Lab  
  95  8:51  Starport Tech Lab  
  95  8:56  Starport  
  95  8:58  Marine, SCV  
  97  9:07  Missile Turret  
  97  9:08  Missile Turret  
  97  9:12  Command Center  
  97  9:16  Marine, Sensor Tower  
  98  9:19  SCV x2  
  98  9:20  SCV x2  
  102  9:31  SCV  
  102  9:32  SCV  
  110  9:48  Supply Depot  
  110  9:49  Supply Depot  
  110  9:50  Starport Reactor  
  116  9:54  Supply Depot  
Show
View Real Time Build Order
Export as new Build Order

pHARM Zerg - Winner!

Build Orders: Hatch First 

Get SALT Encoding   

  12  0:01  Drone  
  13  0:13  Overlord  
  13  0:28  Drone  
  14  0:32  Drone x2  
  16  0:52  Hatchery  
  15  0:57  Drone x2  
  15  1:02  Drone  
  18  1:17  Spawning Pool  
  17  1:19  Drone  
  17  1:23  Drone  
  19  1:34  Drone  
  20  1:40  Extractor  
  20  1:46  Drone  
  20  2:07  Queen x2  
  20  2:08  Zergling x4  
  25  2:10  Drone  
  27  2:15  Overlord  
  27  2:24  Drone  
  27  2:29  Overlord  
  28  2:43  Drone x3  
  31  2:48  Pneumatized Carapace  
  31  2:52  Drone  
  31  2:53  Queen, Drone  
  35  3:03  Drone x2  
  37  3:11  Hatchery  
  36  3:13  Metabolic Boost  
  36  3:20  Drone x4  
  36  3:21  Drone  
  41  3:33  Overlord  
  41  3:34  Overlord  
  41  3:36  Drone x3  
  44  3:49  Lair  
  44  3:52  Extractor  
  44  3:53  Extractor  
  44  3:55  Drone x4  
  43  3:56  Drone x2  
  48  4:17  Spore Crawler  
  47  4:44  Queen  
  47  4:45  Baneling Nest, Queen  
  51  4:47  Evolution Chamber  
  51  4:48  Drone  
  50  4:53  Spore Crawler, Hydralisk Den  
  50  4:56  Spore Crawler, Drone  
  50  4:57  Drone x7  
  55  5:00  Spore Crawler  
  55  5:01  Spore Crawler  
  55  5:04  Spore Crawler  
  55  5:05  Overlord  
  55  5:06  Overlord x2  
  52  5:07  Drone x3  
  55  5:19  Zerg Melee Weapons Level 1  
  55  5:41  Drone  
  56  5:44  Drone  
  56  5:47  Hydralisk, Grooved Spines  
  56  5:48  Hydralisk x5  
  69  6:15  Overlord  
  69  6:16  Overlord  
  69  6:24  Overlord x2  
  69  6:31  Hydralisk x6  
  81  6:37  Drone x10  
  91  6:58  Muscular Augments  
  91  7:06  Hydralisk x6  
  103  7:09  Overlord x2  
  103  7:12  Extractor x2  
  103  7:14  Spore Crawler  
  103  7:15  Spore Crawler  
  99  7:22  Extractor  
  98  7:24  Infestation Pit  
  97  7:33  Centrifical Hooks  
  97  7:34  Zergling x2  
  97  7:35  Zergling x20  
  97  7:36  Evolution Chamber  
  107  7:53  Hatchery  
  106  7:58  Drone  
  106  7:59  Drone x7  
  114  8:19  Zerg Ground Armor Level 1  
  114  8:24  Zergling x16  
  122  8:32  Hive  
  122  8:40  Overlord x5  
  122  8:57  Hydralisk x3  
  122  8:58  Hydralisk x8  
  144  9:12  Drone x7  
  151  9:35  Baneling  
  151  9:36  Baneling x27  
  151  9:41  Unknown  
  150  9:45  Drone  
  150  9:46  Drone x10  
  150  9:47  Drone x3  
Tags
 
Add a new tag
Caveats
  • Supply blocks, unpowered buildings, or Contaminate may cause inaccurate times.
  • Supply counts are checked every 10 seconds.